 Dungeon Crawl Stone Soup version 0.22.1-1-ga44c0e5 (webtiles) character file.

83771 SkarinSkye the Warrior (level 15, -1/141 HPs)
             Began as a Minotaur Berserker on Oct 26, 2018.
             Was a High Priest of Trog.
             Slain by an Ice Fiend (23 damage)
             ... in an ice cave on Oct 27, 2018.
             The game lasted 02:48:57 (29246 turns).

SkarinSkye the Warrior (Minotaur Berserker)        Turns: 29246, Time: 02:48:58

Health: -1/141     AC: 23    Str: 27    XL:     15   Next: 33%
Magic:  27/27      EV: 16    Int:  4    God:    Trog [*****.]
Gold:   1573       SH: 18    Dex: 14    Spells: 14/14 levels left

rFire    + + .     SeeInvis .   v - +5 long sword of Niewk {flame, rF++ MP+9}
rCold    + . .     Gourm    .   L - +0 large shield
rNeg     . . .     Faith    .   f - +3 plate armour {rPois}
rPois    +         Spirit   .   (helmet restricted)
rElec    .         Reflect  +   l - scarf {cloud immunity}
rCorr    .         Harm     .   M - +0 pair of gloves {Str+3}
MR       +++..                  R - +1 pair of boots
Stlth    ..........             e - +3 amulet of reflection
HPRegen  1.33/turn              j - +5 ring of evasion
MPRegen  0.20/turn              Z - ring of protection from cold

@: regenerating
A: retaliatory headbutt, horns 2
a: Berserk, Trog's Hand, Brothers in Arms, Renounce Religion


You were in an ice cave.
You worshipped Trog.
Trog was extremely pleased with you.
You were not hungry.

You visited 4 branches of the dungeon, and saw 22 of its levels.
You also visited: Labyrinth, Ossuary and Ice Cave.

You collected 2327 gold pieces.
You spent 754 gold pieces at shops.

Inventory:

Hand Weapons
 k - a +3 long sword of holy wrath
 p - a +2 whip of venom
 v - the +5 long sword of Niewk (weapon) {flame, rF++ MP+9}
   (You found it on level 4 of the Dungeon)

   It has been specially enchanted to burn those struck by it, causing extra
   injury to most foes and up to half again as much damage against particularly
   susceptible opponents.
   Big, fiery blades are also staple armaments of hydra-hunters.
   It greatly protects you from fire.
   It affects your magic capacity (+9).
 O - a +3 antimagic demon blade
Missiles
 H - 21 javelins of penetration
 U - 9 tomahawks of returning (quivered)
Armour
 f - a +3 plate armour of poison resistance (worn)
 l - a scarf of cloud immunity (worn)
 L - a +0 large shield (worn)
 M - a +0 pair of gloves of strength (worn)
 R - a +1 pair of boots (worn)
 W - +1 fire dragon scales
Jewellery
 e - a +3 amulet of reflection (around neck)
 j - a +5 ring of evasion (left hand)
 N - an uncursed amulet of the gourmand
 P - an uncursed ring of see invisible
 Z - a ring of protection from cold (right hand)
Wands
 a - a wand of disintegration (12)
 g - a wand of flame (88)
 i - a wand of digging (7)
 r - a wand of polymorph (16)
 u - a wand of paralysis (11)
 C - a wand of iceblast (16)
 S - a wand of acid (34)
 Y - a wand of scattershot (6)
Scrolls
 b - a scroll of silence {unknown}
 d - 5 scrolls of identify
 m - a scroll of summoning {unknown}
 n - 5 scrolls of teleportation
 o - 7 scrolls of remove curse
 y - 6 scrolls of enchant weapon
 E - 5 scrolls of blinking
 F - 4 scrolls of fog
 I - 4 scrolls of fear
 V - a scroll of brand weapon {unknown}
Potions
 h - 3 potions of brilliance
 q - 8 potions of curing
 s - a potion of resistance {unknown}
 t - 5 potions of flight {unknown}
 x - 6 potions of heal wounds {unknown}
 z - a potion of berserk rage {unknown}
 A - 3 potions of might {unknown}
 B - 2 potions of magic {unknown}
 D - 5 potions of haste {unknown}
 J - 2 potions of lignification {unknown}
 K - 3 potions of agility {unknown}
 X - a potion of cancellation {unknown}
Miscellaneous
 G - a phial of floods
 T - a lightning rod (4/4)
Comestibles
 c - 5 rations


   Skills:
 * Level 15.3 Fighting
 * Level 15.3 Long Blades
 - Level 9.0 Maces & Flails
 - Level 4.4 Throwing
 * Level 14.6 Armour
 - Level 13.4 Dodging
 * Level 2.9 Shields
 - Level 5.9 Evocations


You had 14 spell levels left.
You didn't know any spells.
Your spell library contained the following spells:

 Spells                   Type           Power        Failure   Level  Hunger
 Animate Skeleton         Necr           N/A          100%        1    ##.....
 Apportation              Tloc           #.....       100%        1    ##.....
 Confusing Touch          Hex            #.....       100%        1    ##.....
 Summon Small Mammal      Summ           #...         100%        1    ##.....
 Confuse                  Hex            #.......     100%        3    ####...
 Gell's Gravitas          Tloc           #.........   100%        3    ####...
 Leda's Liquefaction      Hex/Erth       #.........   100%        4    #####..
 Petrify                  Tmut/Erth      #.......     100%        4    #####..
 Bolt of Magma            Conj/Fire/Erth #.........   100%        5    ######.
 Metabolic Englaciation   Hex/Ice        #.........   100%        5    ######.
 Yara's Violent Unravell  Hex/Tmut       #.........   100%        5    ######.
 Iron Shot                Conj/Erth      #.........   100%        6    #######
 Statue Form              Tmut/Erth      #........    100%        6    #######
 Shatter                  Erth           #.........   100%        9    #######


Dungeon Overview and Level Annotations

Branches:
Dungeon (13/15)            Temple (0/1) D:7            Lair (6/6) D:9
  Swamp (0/4) Lair:2        Snake (1/4) Lair:3        Slime (0/5) Lair:6
    Orc (2/2) D:9             Elf (0/3) Orc:2        Vaults (0/5) D:13

Altars:
Yredelemnul
Beogh
Jiyva

Shops:
Orc:2 [%*:[

Annotations:
Lair:4 3 runed doors, Tovarisch's ghost, journeyman DgSk


Innate Abilities, Weirdness & Mutations

You reflexively headbutt those who attack you in melee.
You have a pair of horns on your head.


Message History

Your body is wracked with pain!
* * * LOW HITPOINT WARNING * * *
That item cannot be evoked!
Press: ? - help, v - describe, . - travel An ice covered rock wall.
Your plate armour prevents you from hitting the Ice Fiend.
You headbutt the Ice Fiend, but do no damage.
The Ice Fiend is heavily wounded.
The Ice Fiend barely misses you. You block the Ice Fiend's attack.
You hit the Ice Fiend. You burn the Ice Fiend.
You headbutt the Ice Fiend, but do no damage.
The Ice Fiend is heavily wounded.
The Ice Fiend misses you. You furiously retaliate!
You headbutt the Ice Fiend, but do no damage.
You riposte.
You slash the Ice Fiend! You burn the Ice Fiend.
The Ice Fiend is severely wounded.
The Ice Fiend claws you!
* * * LOW HITPOINT WARNING * * *
The Ice Fiend freezes you!! You resist.
You die...

##.#.....## #.
##[....## ##
####...## ##...####
###....#######
###...#....# ###
###....##. ##.######
########
###@#.#...## ###.
#.1###...⌠.# ##...
###..###.#.#####....
#4Z1##..#####.....##
#...###..####.....##
#.Z.Z ##...#....###
##Z.. ###...####
###. ##### $.


You could see an Ice Fiend.

Vanquished Creatures
  A nagaraja (Snake:1)
  A minotaur (Lab)
  Snorg (Lair:6)
  An ettin (Orc:2)
  A yaktaur captain (D:13)
  A rakshasa (D:13)
  A vault guard (D:13)
  A naga warrior (Snake:1)
  3 hydras
  A catoblepas (Lair:6)
  Erica (Lair:2)
  A deep troll shaman (Lair:6)
  4 two-headed ogres
  3 death yaks (Lair:6)
  Nergalle (Lair:1)
  6 skeletal warriors
  5 orc knights (Orc:2)
  2 wolf spiders (D:13)
  A lindwurm (Lair:6)
  2 orc sorcerers
  A cyclops (D:13)
  2 ugly things
  A manticore (D:12)
  5 black mambas
  2 naga magi (Snake:1)
  15 elephants
  An ice statue (IceCv)
  Maurice (D:10)
  2 gargoyles
  10 spiny frogs
  7 freezing wraiths
  5 komodo dragons
  4 ice devils (IceCv)
  An anaconda simulacrum (IceCv)
  A golden dragon simulacrum (IceCv)
  5 trolls
  5 polar bears
  A queen bee (D:8)
  19 blink frogs
  3 hornets
  19 dream sheep
  A hippogriff (shapeshifter) (D:13)
  A blink frog (shapeshifter) (D:13)
  A meliai zombie (D:11)
  14 hippogriffs
  A vampire (D:13)
  3 wyverns
  35 yaks
  2 dire elephant simulacra (IceCv)
  2 basilisks
  Grum (D:10)
  A yak (shapeshifter) (D:13)
  2 steam dragons (D:10)
  2 hungry ghosts
  2 vampire mosquitoes (D:13)
  11 wargs
  3 harpy simulacra (IceCv)
  An acid dragon (D:11)
  2 nagas (Snake:1)
  8 soldier ants (Lair:2)
  3 iron troll simulacra (IceCv)
  9 water moccasins
  3 hydra simulacra (IceCv)
  Duvessa (D:4)
  6 porcupines
  2 hornet zombies
  2 eyes of draining
  2 black bears
  39 orc warriors
  3 ice beasts
  A sky beast (D:11)
  14 ogres
  6 phantoms
  An ettin simulacrum (IceCv)
  7 centaurs
  6 necrophages (Lair:3)
  20 wolves
  8 crocodiles
  2 big kobolds
  11 bullfrogs
  Dowan (D:4)
  2 swamp dragon simulacra (IceCv)
  2 scorpions
  13 killer bees (D:8)
  13 wights
  3 electric eels
  6 crimson imps
  5 draconian simulacra (IceCv)
  4 quasits
  3 centaur zombies
  4 hounds
  10 orc priests
  4 jellies
  5 centaur skeletons
  31 orc wizards
  3 bullfrog skeletons
  2 gnoll shamans
  Terence (D:3)
  2 iguanas
  8 hell rats (Lair:1)
  6 troll simulacra (IceCv)
  34 worker ants
  A big kobold zombie (Ossuary)
  A centaur simulacrum (IceCv)
  8 mummies (Ossuary)
  17 gnolls
  2 ogre simulacra (IceCv)
  A worker ant zombie (D:5)
  14 adders
  A naga simulacrum (IceCv)
  11 river rats (Lair:1)
  3 shadow imps
  4 white imps (IceCv)
  7 ufetubi (IceCv)
  2 adder skeletons
  A worm (D:4)
  7 dart slugs
  8 leopard geckos
  110 orcs
  2 ball pythons (D:1)
  5 bats
  7 giant cockroaches
  2 gnoll zombies (Ossuary)
  10 goblins
  11 hobgoblins
  8 jackals
  7 quokkas
  3 frilled lizards
  A giant cockroach zombie (D:6)
  8 kobolds
  2 kobold zombies (Ossuary)
  2 leopard gecko zombies
  3 orc zombies (Ossuary)
  17 rats
  A spectral orc (D:6)
  A bush (Lair:5)
  5 fungi
  A plant (Lair:5)
843 creatures vanquished.

Vanquished Creatures (collateral kills)
  A vampire knight (D:13)
  A queen ant (Lair:1)
  A manticore (D:13)
  A centaur zombie (D:13)
  A troll (D:13)
  A centaur simulacrum (D:13)
  A killer bee (D:13)
  A worm (shapeshifter) (D:13)
  2 orcs (Orc:1)
10 creatures vanquished.

Vanquished Creatures (others)
  A hydra (D:13)
  15 fungi
  8 plants
24 creatures vanquished.

Grand Total: 877 creatures vanquished

Notes
Turn   | Place    | Note
-------+----------+-------------------------------------------
     0 | D:1      | SkarinSkye the Minotaur Berserker began the quest for the
                  | Orb.
     0 | D:1      | Reached XP level 1. HP: 19/19 MP: 0/0
   228 | D:1      | Reached XP level 2. HP: 20/27 MP: 1/1
   715 | D:1      | Reached XP level 3. HP: 33/33 MP: 2/2
   997 | D:1      | Reached ** piety under Trog
  1206 | D:2      | Reached skill level 5 in Maces & Flails
  1695 | D:2      | Reached XP level 4. HP: 36/40 MP: 3/3
  2521 | D:3      | Noticed Terence
  2533 | D:3      | Killed Terence
  2749 | D:3      | Reached XP level 5. HP: 46/46 MP: 4/4
  3131 | D:4      | Noticed Dowan
  3131 | D:4      | Noticed Duvessa
  3508 | D:4      | Killed Duvessa
  3508 | D:4      | Reached XP level 6. HP: 50/52 MP: 5/5
  3515 | D:4      | Killed Dowan
  3669 | D:4      | Reached *** piety under Trog
  3767 | D:4      | Got a polished long sword
  3768 | D:4      | Identified the +5 long sword of Niewk {flame, rF++ MP+9}
                  | (You found it on level 4 of the Dungeon)
  3929 | D:4      | Reached skill level 1 in Long Blades
  3934 | D:4      | Reached XP level 7. HP: 15/59 MP: 6/6
  3938 | D:5      | Entered Level 5 of the Dungeon
  4204 | D:5      | Found a sand-covered staircase.
  4209 | Ossuary  | Entered an ossuary
  4938 | D:5      | Reached skill level 5 in Long Blades
  4939 | D:5      | Reached skill level 5 in Fighting
  5020 | D:5      | Reached XP level 8. HP: 70/70 MP: 7/7
  5277 | D:6      | Reached **** piety under Trog
  5724 | D:5      | Noticed a two-headed ogre
  5733 | D:5      | Killed a two-headed ogre
  5733 | D:5      | Reached XP level 9. HP: 74/83 MP: 8/8
  6096 | D:6      | Found a basalt altar of Yredelemnul.
  6902 | D:7      | Reached skill level 10 in Long Blades
  6937 | D:7      | Found a staircase to the Ecumenical Temple.
  6945 | D:7      | Reached ***** piety under Trog
  7532 | D:8      | Noticed a queen bee
  7546 | D:8      | Killed a queen bee
  7546 | D:8      | Reached XP level 10. HP: 66/93 MP: 9/9
  7771 | D:8      | Received a gift from Trog
  8580 | D:9      | Reached skill level 5 in Armour
  8853 | D:9      | Reached skill level 5 in Dodging
  9090 | D:9      | Found a staircase to the Orcish Mines.
  9307 | D:9      | Found a staircase to the Lair.
  9895 | Lair:1   | Entered Level 1 of the Lair of Beasts
  9925 | Lair:1   | Reached skill level 10 in Fighting
  9941 | Lair:1   | Noticed a spiny frog
  9951 | Lair:1   | Killed a spiny frog
 10752 | Lair:1   | Reached XP level 11. HP: 101/101 MP: 10/10
 10754 | Lair:1   | Noticed Nergalle
 10770 | Lair:1   | Killed Nergalle
 10953 | Lair:1   | Received a gift from Trog
 11224 | Lair:2   | Found a staircase to the Swamp.
 11430 | Lair:2   | Noticed Erica
 11441 | Lair:2   | Killed Erica
 11529 | Lair:2   | Noticed a queen ant
 11562 | Lair:1   | Killed a queen ant
 12845 | Lair:3   | Found a staircase to the Snake Pit.
 13657 | Lair:4   | Reached XP level 12. HP: 112/112 MP: 11/11
 13672 | Lair:4   | Found a runed gate.
 13786 | Lair:4   | Received a gift from Trog
 14042 | Lair:4   | Reached skill level 10 in Armour
 14266 | Lair:4   | Found a runed gate.
 14266 | Lair:4   | Found a runed gate.
 14269 | Lair:4   | Noticed a 14-headed hydra
 14269 | Lair:4   | Noticed Tovarisch's ghost (journeyman DgSk)
 14276 | Lair:4   | Noticed a 12-headed hydra
 14914 | Lair:5   | Reached skill level 10 in Dodging
 15793 | Lair:6   | Entered Level 6 of the Lair of Beasts
 15868 | Lair:6   | Reached skill level 1 in Evocations
 15872 | Lair:6   | Reached XP level 13. HP: 111/122 MP: 12/12
 16074 | Lair:6   | Found a viscous altar of Jiyva.
 16075 | Lair:6   | Found a staircase to the Slime Pits.
 16220 | Lair:6   | Received a gift from Trog
 16444 | Lair:6   | Noticed Snorg
 16460 | Lair:6   | Killed Snorg
 17984 | Orc:1    | Entered Level 1 of the Orcish Mines
 18005 | Orc:2    | Entered Level 2 of the Orcish Mines
 18497 | Orc:2    | Received a gift from Trog
 18500 | Orc:2    | Got a slimy great mace {god gift}
 18583 | Orc:2    | Reached XP level 14. HP: 90/130 MP: 16/16
 18590 | Orc:2    | Reached skill level 1 in Throwing
 18617 | Orc:2    | Found a roughly hewn altar of Beogh.
 18805 | Orc:2    | Found Koufoef's Food Shop.
 18805 | Orc:2    | Found Utatushay's Antique Armour Emporium.
 18826 | Orc:2    | Bought a runed plate armour for 754 gold pieces
 19025 | Orc:2    | Found Alafack's Book Shop.
 19025 | Orc:2    | Found Jabau's Assorted Antiques.
 19304 | Orc:2    | Found Toesaa's Armour Emporium.
 19554 | Orc:2    | Received a gift from Trog
 20319 | Orc:2    | Found a staircase to the Elven Halls.
 20707 | D:10     | Entered Level 10 of the Dungeon
 20863 | D:10     | Noticed Maurice
 20874 | D:10     | Killed Maurice
 21104 | D:10     | Noticed Grum
 21114 | D:10     | Killed Grum
 22078 | D:11     | Got a scintillating golden ring
 22080 | D:11     | Identified the ring of the Vanishing Yaks {*Corrode rC+ rN+
                  | Str+3 SInv} (You found it on level 11 of the Dungeon)
 22891 | D:12     | Found a labyrinth entrance.
 22900 | Lab      | Entered a labyrinth
 24406 | Lab      | Got a scorched iron amulet
 25280 | D:12     | Reached skill level 5 in Evocations
 25869 | D:13     | Received a gift from Trog
 26210 | D:13     | Noticed a vampire knight
 26211 | D:13     | Killed a vampire knight
 26798 | D:13     | Identified the amulet of Autotheism {Harm -Tele *Drain MP+9
                  | Str+3 Int+4} (You found it in a labyrinth)
 26970 | D:13     | Reached skill level 15 in Fighting
 27038 | D:13     | Reached skill level 15 in Long Blades
 27175 | D:13     | Reached XP level 15. HP: 141/141 MP: 18/18
 27437 | D:13     | Found a gate to the Vaults.
 27776 | Snake:1  | Entered Level 1 of the Snake Pit
 27787 | Snake:1  | Noticed a nagaraja
 27991 | Snake:1  | Killed a nagaraja
 27991 | Snake:1  | Reached skill level 1 in Shields
 28063 | Snake:1  | Found a frozen archway.
 28088 | IceCv    | Entered an ice cave
 28305 | IceCv    | Received a gift from Trog
 29232 | IceCv    | Noticed an Ice Fiend
 29246 | IceCv    | Slain by an Ice Fiend

Skill      XL: |  1  2  3  4  5  6  7  8  9 10 11 12 13 14 15 |
---------------+----------------------------------------------+-----
Fighting       | 4 5 9 10 12 13 15 | 15.3
Maces & Flails | 4 5 6 8 9 |  9.0
Long Blades    | 2 5 9 10 12 14 15 | 15.3
Armour         | 4 6 8 11 13 14 | 14.6
Dodging        | 3 6 7 10 12 13 | 13.4
Evocations     | 1 4 5 |  5.9
Throwing       | 4 |  4.4
Shields        | 2 |  2.9

Action                   |  1- 3 |  4- 6 |  7- 9 | 10-12 | 13-15 || total
-------------------------+-------+-------+-------+-------+-------++-------
Melee: Mace              |    68 |       |       |       |       ||    68
       Headbutt          |    18 |    20 |    40 |   164 |   398 ||   640
       Whip              |    19 |    92 |       |       |       ||   111
       Long sword        |       |     9 |   211 |   617 |  1190 ||  2027
       Unarmed           |       |     2 |       |       |       ||     2
       Great sword       |       |       |       |       |    27 ||    27
Throw: Stone             |    31 |    33 |    62 |    76 |       ||   202
       Tomahawk          |       |       |       |       |    57 ||    57
Invok: Berserk           |     1 |     1 |     3 |     2 |     5 ||    12
       Trog's Hand       |       |       |     4 |     6 |    16 ||    26
       Brothers in Arms  |       |       |       |     1 |     4 ||     5
Evoke: Wand              |       |       |       |       |     8 ||     8
  Use: Scroll            |       |    10 |     3 |     7 |    11 ||    31
 Stab: Distracted        |       |       |       |       |     2 ||     2
  Eat: Chunk             |     2 |     8 |       |     2 |     7 ||    19
       Ration            |       |       |     5 |     9 |    15 ||    29
Armor: Chain mail        |    48 |     5 |       |       |       ||    53
       Plate armour      |       |    40 |   109 |   210 |   366 ||   725
       Troll leather arm |       |       |       |     1 |       ||     1
Dodge: Dodged            |    38 |    30 |   163 |   395 |   876 ||  1502
Block: Other             |       |       |       |       |     5 ||     5
       Large shield      |       |       |       |       |   212 ||   212
       Reflection        |       |       |       |       |     8 ||     8
       Rpst.: Long sword |       |       |    39 |    96 |   176 ||   311
       Great sword       |       |       |       |       |     3 ||     3
